 Dungeon Crawl Stone Soup version 0.21.1-1-g345015f (webtiles) character file.

11559 Mirai the Cleaver (level 11, -1/130 HPs)
             Began as a Demonspawn Berserker on Mar 2, 2018.
             Was a High Priest of Trog.
             Slain by a six-headed hydra (8 damage)
             ... on level 1 of the Lair of Beasts.
             The game lasted 00:36:45 (10075 turns).

Mirai the Cleaver (Demonspawn Berserker)           Turns: 10075, Time: 00:36:47

Health: -1/130     AC: 17    Str: 23    XL:     11   Next: 50%
Magic:  3/3        EV:  9    Int: 10    God:    Trog [*****.]
Gold:   578        SH:  0    Dex: 16    Spells: 10/10 levels left

rFire    + . .     SeeInvis .   a - +3 broad axe (antimagic)
rCold    . . .     Gourm    .   (no shield)
rNeg     . . .     Faith    .   T - +0 plate armour
rPois    +         Spirit   .   (no helmet)
rElec    .         Reflect  .   (no cloak)
rCorr    .         Harm     .   o - +0 pair of gloves
MR       +++..                  (no boots)
Stlth    ..........             (no amulet)
HPRegen  1.31/turn              y - ring of poison resistance
MPRegen  0.08/turn              h - ring of protection from magic

@: berserking, lethally poisoned (-1 -> -1), regenerating, very quick
A: hooves 1, icy blue scales 1, clever 1, fire resistance 1, nightstalker 1,
spiny 2
a: Berserk, Trog's Hand, Brothers in Arms, Burn Spellbooks, Renounce Religion


You were on level 1 of the Lair of Beasts.
You worshipped Trog.
Trog was extremely pleased with you.
You were hungry.

You visited 2 branches of the dungeon, and saw 12 of its levels.

You collected 578 gold pieces.

Inventory:

Hand Weapons
 a - a +3 antimagic broad axe (weapon)
 b - a +0 arbalest
 E - a +2 battleaxe
Armour
 j - a +1 pair of boots
 o - a +0 pair of gloves (worn)
 G - a +0 leather armour
 T - a +0 plate armour (worn)
Jewellery
 e - an uncursed ring of protection from fire
 h - a ring of protection from magic (right hand)
 y - a ring of poison resistance (left hand)
 A - an uncursed ring of protection from fire
 W - an uncursed ring of see invisible
Wands
 i - a wand of flame (12)
 s - a wand of paralysis (6)
 t - a wand of digging (13)
 u - a wand of iceblast (9)
 K - a wand of random effects (28)
Scrolls
 f - 8 scrolls of identify
 g - 3 scrolls of immolation
 r - a scroll of magic mapping
 x - 2 scrolls of enchant armour
 z - 3 scrolls of teleportation
 C - a scroll of holy word {unknown}
 D - a scroll of remove curse
 J - a scroll of fog
 L - a scroll of fear
 P - a scroll of blinking
Potions
 d - 2 potions of mutation
 k - a potion of might
 l - 2 potions of flight
 m - a potion of heal wounds
 p - 2 potions of berserk rage {unknown}
 q - 2 potions of invisibility {unknown}
 w - 2 potions of curing
 B - a potion of magic {unknown}
 F - 2 potions of degeneration {unknown}
 I - 3 potions of brilliance
 S - a potion of cancellation {unknown}
 X - a potion of agility {unknown}
 Y - a potion of lignification {unknown}
Books
 n - a book of Battle

   Spells                             Type                      Level
   a - Infusion                       Charms                       1
   b - Shroud of Golubria             Charms/Translocation         2
   c - Song of Slaying                Charms                       2
   d - Spectral Weapon                Hexes/Charms                 3
   e - Regeneration                   Charms/Necromancy            3
   Trog disapproves of the use of such an item.
 v - a book of the Earth

   Spells                             Type                      Level
   a - Leda's Liquefaction            Hexes/Earth                  4
   b - Bolt of Magma                  Conjuration/Fire/Earth       5
   c - Statue Form                    Transmutation/Earth          6
   d - Iron Shot                      Conjuration/Earth            6
   e - Shatter                        Earth                        9
   Trog disapproves of the use of such an item.
 U - a book of Maledictions

   Spells                             Type                      Level
   a - Corona                         Hexes                        1
   b - Ensorcelled Hibernation        Hexes/Ice                    2
   c - Confuse                        Hexes                        3
   d - Tukima's Dance                 Hexes                        3
   e - Dazzling Spray                 Conjuration/Hexes            3
   Trog disapproves of the use of such an item.
Comestibles
 c - 11 rations
 H - 5 chunks of flesh


   Skills:
 + Level 8.4 Fighting
 + Level 12.1 Axes
 + Level 8.9 Armour
 + Level 4.4 Dodging


You had 10 spell levels left.
You didn't know any spells.

Dungeon Overview and Level Annotations

Branches:
Dungeon (11/15)            Temple (0/1) D:6            Lair (1/6) D:11
    Orc (0/2) D:10

Altars:
Ashenzari
Gozag
Makhleb
Nemelex Xobeh
Okawaru
Qazlal
Trog
Uskayaw
Wu Jian
Beogh

Shops:
D:5 *   D:6 *[   D:7 ?   D:8 }   D:9 (


Innate Abilities, Weirdness & Mutations

You have large cloven feet.
You are partially covered in icy blue scales. (AC +2)
You are slightly more attuned to the shadows.
You are mostly covered in sharp spines.
Your mind is acute. (Int +2)
Your flesh is heat resistant. (rF+)


Message History

You slash the komodo dragon!
You kill the komodo dragon!
Trog accepts your kill.
Your plate armour prevents you from hitting the five-headed hydra.
The black mamba is struck by your spines.
The black mamba closely misses you.
You miss the black mamba. Your kick misses the black mamba.
The black mamba is almost dead.
You slice one of the five-headed hydra's heads off!
The four-headed hydra grows two more!
You slash the six-headed hydra!
You feel sick.
The six-headed hydra is struck by your spines.
The six-headed hydra completely misses you.
The six-headed hydra misses you. The six-headed hydra bites you.
* * * LOW HITPOINT WARNING * * *
The six-headed hydra bites you but does no damage.
The six-headed hydra bites you!
* * * LOW HITPOINT WARNING * * *
The six-headed hydra bites you!
You die...

##..## ### ##.#####..
$......## ###..##.....
........####...........
.........##............
...............###.....
......$.......## ##....
#....!.......## ###..
.!...S@......# #...
#....D###...P# ###..#
...### ##..## #...## ..
##..#### #...#
#......###..##
##.........##
#.........#
......###.## .....###
#..#


You could see a six-headed hydra and a black mamba.

Vanquished Creatures
  The ghost of Nr616 the Severer, a journeyman HOBe of Trog (D:10)
  2 two-headed ogres
  A tengu warrior (D:9)
  The ghost of relionnb the Insei, a novice GnTm of Qazlal (D:6)
  A centaur zombie (D:10)
  A spiny frog (Lair:1)
  A gargoyle (D:11)
  A komodo dragon (Lair:1)
  2 trolls
  2 hippogriffs
  A vampire (D:11)
  A wyvern (D:8)
  A hungry ghost (D:11)
  Grum (D:9)
  A soldier ant (D:10)
  A water moccasin (D:5)
  An acid dragon (D:11)
  4 orc warriors
  3 necrophages
  A phantom (D:9)
  A black bear (Lair:1)
  An eye of draining (D:10)
  4 ice beasts
  4 sky beasts
  3 ogres
  5 wolves
  2 crocodiles (Lair:1)
  2 centaurs
  11 bullfrogs
  2 gnoll sergeants
  A scorpion (D:8)
  A water moccasin skeleton (D:8)
  5 wights (D:6)
  3 howler monkeys (D:8)
  6 crimson imps
  3 hounds
  2 bullfrog zombies
  2 jellies (D:11)
  A centaur skeleton (D:7)
  2 bullfrog skeletons
  4 orc priests
  18 orc wizards
  Ijyb (D:3)
  6 iguanas
  10 worker ants
  A hound skeleton (D:9)
  4 worker ant zombies
  Robin (D:3)
  9 adders
  12 gnolls
  2 oozes
  An adder skeleton (D:7)
  A worm (D:4)
  A dart slug (D:1)
  4 leopard geckos
  35 orcs
  6 giant cockroaches
  18 goblins
  7 hobgoblins
  3 jackals
  6 quokkas
  3 ball pythons
  5 bats
  5 frilled lizards
  A jackal skeleton (D:6)
  5 kobolds
  A quokka skeleton (D:9)
  9 rats
268 creatures vanquished.

Vanquished Creatures (others)
  An orc wizard (D:4)
1 creature vanquished.

Grand Total: 269 creatures vanquished

Notes
Turn   | Place    | Note
-------+----------+-------------------------------------------
     0 | D:1      | Mirai the Demonspawn Berserker began the quest for the Orb.
     0 | D:1      | Reached XP level 1. HP: 18/18 MP: 1/1
    37 | D:1      | Gained mutation: You are partially covered in icy blue scales. (AC +2) [demonic ancestry]
    37 | D:1      | Reached XP level 2. HP: 15/24 MP: 2/2
    63 | D:1      | Reached skill level 3 in Axes
   408 | D:1      | Gained mutation: Your mind is acute. (Int +2) [potion of mutation]
   408 | D:1      | Gained mutation: Your flesh is heat resistant. (rF+) [potion of mutation]
  1135 | D:1      | Reached XP level 3. HP: 29/29 MP: 3/3
  1409 | D:2      | Found a shattered altar of Ashenzari.
  1499 | D:2      | Found a bloodstained altar of Trog.
  1500 | D:2      | Found a hide-covered altar of Uskayaw.
  1693 | D:3      | Noticed Robin
  1703 | D:3      | Killed Robin
  1703 | D:3      | Reached ** piety under Trog
  1770 | D:3      | Gained mutation: You are partially covered in sharp spines. [demonic ancestry]
  1770 | D:3      | Reached XP level 4. HP: 13/35 MP: 4/4
  1775 | D:3      | Paralysed by fainting for 8 turns
  2069 | D:3      | Noticed Ijyb
  2082 | D:3      | Reached skill level 4 in Axes
  2086 | D:3      | Killed Ijyb
  2086 | D:3      | Gained mutation: You have large cloven feet. [demonic ancestry]
  2086 | D:3      | Reached XP level 5. HP: 27/42 MP: 5/5
  2741 | D:4      | Reached XP level 6. HP: 47/48 MP: 6/6
  3072 | D:4      | Reached skill level 5 in Axes
  3164 | D:4      | Found an ornate altar of the Wu Jian Council.
  3281 | D:4      | Gained mutation: You are mostly covered in sharp spines. [demonic ancestry]
  3281 | D:4      | Reached XP level 7. HP: 54/54 MP: 7/7
  3571 | D:5      | Entered Level 5 of the Dungeon
  3610 | D:5      | Reached *** piety under Trog
  3944 | D:5      | Found a burning altar of Makhleb.
  4143 | D:5      | Found Yci Ypp's General Store.
  4232 | D:6      | Reached skill level 6 in Axes
  4267 | D:6      | Noticed a troll
  4273 | D:6      | Killed a troll
  4273 | D:6      | Gained mutation: You are slightly more attuned to the shadows. [demonic ancestry]
  4273 | D:6      | Reached XP level 8. HP: 35/61 MP: 8/8
  4359 | D:6      | Found Gozag's Platinum Reserve.
  4383 | D:6      | Found an opulent altar of Gozag.
  4400 | D:6      | Reached skill level 5 in Armour
  4505 | D:6      | Reached skill level 7 in Axes
  4588 | D:6      | Noticed relionnb's ghost (novice GnTm)
  4601 | D:6      | Killed relionnb's ghost
  4601 | D:6      | Reached skill level 5 in Fighting
  4638 | D:6      | Found Xitu's Armour Shoppe.
  4759 | D:6      | Found a staircase to the Ecumenical Temple.
  4780 | D:6      | Reached XP level 9. HP: 42/68 MP: 9/9
  4961 | D:7      | Reached skill level 8 in Axes
  4990 | D:7      | Noticed a two-headed ogre
  4996 | D:7      | HP: 3/68 [two-headed ogre/dire flail (7)]
  5015 | D:6      | Killed a two-headed ogre
  5256 | D:7      | Found a sparkling altar of Nemelex Xobeh.
  5349 | D:7      | Reached skill level 9 in Axes
  5352 | D:7      | Reached **** piety under Trog
  5455 | D:7      | Found a stormy altar of Qazlal.
  5535 | D:7      | Found Taenauh's Magic Scroll Shop.
  5794 | D:8      | Found Neli's Gadget Shoppe.
  5865 | D:8      | Reached XP level 10. HP: 47/76 MP: 10/10
  6501 | D:9      | Reached skill level 10 in Axes
  6645 | D:9      | Reached ***** piety under Trog
  6944 | D:9      | Noticed a tengu warrior
  6962 | D:9      | Killed a tengu warrior
  6988 | D:9      | Found Lodeibuf's Weapon Boutique.
  7027 | D:9      | Noticed Grum
  7040 | D:9      | Killed Grum
  7201 | D:9      | Found an iron altar of Okawaru.
  7383 | D:10     | Entered Level 10 of the Dungeon
  7970 | D:10     | Found a staircase to the Orcish Mines.
  7971 | D:10     | Noticed a two-headed ogre
  7980 | D:10     | Killed a two-headed ogre
  7980 | D:10     | Reached skill level 11 in Axes
  8004 | D:10     | Reached XP level 11. HP: 27/84 MP: 5/11
  8096 | D:10     | Found a roughly hewn altar of Beogh.
  8277 | D:10     | Noticed Nr616's ghost (journeyman HOBe)
  8291 | D:10     | Killed Nr616's ghost
  9305 | D:11     | Found a staircase to the Lair.
  9691 | Lair:1   | Entered Level 1 of the Lair of Beasts
  9697 | Lair:1   | Received a gift from Trog
 10064 | Lair:1   | Reached skill level 12 in Axes
 10068 | Lair:1   | Noticed a five-headed hydra
 10075 | Lair:1   | Slain by a six-headed hydra

Skill      XL: |  1  2  3  4  5  6  7  8  9 10 11 |
---------------+----------------------------------+-----
Axes           | 3 4 5 6 7 9 11 12 | 12.1
Dodging        | 2 3 4 |  4.4
Armour         | 2 3 4 6 7 8 |  8.9
Fighting       | 4 5 6 7 8 |  8.4

Action                   |  1- 3 |  4- 6 |  7- 9 | 10-12 || total
-------------------------+-------+-------+-------+-------++-------
Melee: Hand axe          |   141 |    78 |       |    63 ||   282
       War axe           |       |    49 |   190 |       ||   239
       Battleaxe         |       |       |       |   185 ||   185
       Broad axe         |       |       |       |    25 ||    25
       Kick              |       |       |       |     7 ||     7
Invok: Berserk           |     1 |     2 |     4 |     9 ||    16
       Trog's Hand       |       |       |       |     2 ||     2
  Use: Potion            |     4 |     2 |     1 |     2 ||     9
       Scroll            |     1 |     2 |       |    16 ||    19
 Stab: Sleeping          |     1 |       |       |       ||     1
  Eat: Chunk             |     1 |     5 |    13 |    21 ||    40
       Ration            |       |     1 |       |     1 ||     2
Armor: Animal skin       |    13 |       |       |       ||    13
       Scale mail        |    51 |    34 |       |       ||    85
       Chain mail        |       |    57 |   113 |    41 ||   211
       Plate armour      |       |       |       |   172 ||   172
Dodge: Dodged            |   116 |    42 |    85 |   130 ||   373
